 Dungeon Crawl Stone Soup version 0.21.1-1-g345015f (webtiles) character file.

8793 tidbits the Martial Artist (level 11, -3/83 HPs)
             Began as a Gnoll Transmuter on Mar 9, 2018.
             Was an Elder of Cheibriados.
             Slain by a tengu warrior
             ... wielding a +2 great sword of slicing
             ... led by a tengu warrior
              (8 damage)
             ... on level 11 of the Dungeon.
             The game lasted 00:26:40 (2686 turns).

tidbits the Martial Artist (Gnoll Transmuter)       Turns: 2686, Time: 00:26:41

Health: -3/83      AC:  6    Str: 22    XL:     11   Next: 36%
Magic:  14/23      EV: 20    Int: 28    God:    Cheibriados [****..]
Gold:   360        SH:  0    Dex: 27    Spells: 7/26 levels left

rFire    . . .     SeeInvis .     - Unarmed
rCold    . . .     Gourm    .   (shield currently unavailable)
rNeg     . . .     Faith    .   B - +0 troll leather armour
rPois    .         Spirit   .   (no helmet)
rElec    .         Reflect  .   C - +0 cloak
rCorr    .         Harm     .   (gloves currently unavailable)
MR       .....                  (no boots)
Stlth    ++++......             (no amulet)
HPRegen  0.63/turn              (no ring)
MPRegen  0.18/turn              (no ring)

@: blade hands, very slow
A: distributed training, fangs 1, strong nose
a: End Transformation, Bend Time, Temporal Distortion, Slouch, Renounce Religion


You were on level 11 of the Dungeon.
You worshipped Cheibriados.
Cheibriados was greatly pleased with you.
You were hungry.
You had blades for hands.
You visited 2 branches of the dungeon, and saw 13 of its levels.

You collected 360 gold pieces.

Inventory:

Hand Weapons
 e - a +0 dagger (melded)
 i - a +4 hand axe
 k - a +0 war axe
 O - a +1 war axe of chopping
   (You found it on level 9 of the Dungeon)
 P - a +3 scimitar
Missiles
 a - 53 arrows
 g - 9 tomahawks (quivered)
 w - 37 sling bullets
 z - 45 stones
Armour
 b - a +0 robe
 j - a +1 robe of resistance
   (You took it off Blork the orc on level 4 of the Dungeon)
 p - a +0 shield
 y - a +0 ring mail
 B - a +0 troll leather armour (worn)
 C - a +0 cloak (worn)
 D - a +0 buckler (melded)
 J - a +2 leather armour of positive energy
   (You took it off an orc priest on level 8 of the Dungeon)
 Q - a +0 robe of positive energy
   (You took it off Nergalle on level 10 of the Dungeon)
 R - a +2 robe of the Archmagi
   (You took it off Sigmund on level 3 of the Dungeon)
Magical Staves
 H - an uncursed staff of earth
   (You found it on level 8 of the Dungeon)
Jewellery
 F - an uncursed amulet of inaccuracy
   (You found it on level 10 of the Dungeon)
Wands
 K - a wand of flame (34)
Scrolls
 f - a scroll of noise
 h - a scroll of immolation
 l - a scroll of random uselessness {unknown}
 r - a scroll of remove curse
 s - 3 scrolls of blinking
 t - 2 scrolls of amnesia
 u - a scroll of fog {unknown}
 v - a scroll of enchant armour {unknown}
 I - a scroll of teleportation
 N - a scroll of brand weapon {unknown}
Potions
 m - 2 potions of curing
 n - a potion of agility
 o - a potion of flight
 q - a potion of resistance
 E - a potion of haste
 M - a potion of cancellation
 S - a potion of lignification
Books
 d - a book of Changes

   Spells                             Type                      Level
   a - Beastly Appendage              Transmutation                1
   b - Sticks to Snakes               Transmutation                2
   c - Spider Form                    Transmutation/Poison         3
   d - Ice Form                       Ice/Transmutation            4
   e - Blade Hands                    Transmutation                5
 x - a book of Cantrips
   (You found it on level 7 of the Dungeon)

   Spells                             Type                      Level
   a - Confusing Touch                Hexes                        1
   b - Animate Skeleton               Necromancy                   1
   c - Summon Small Mammal            Summoning                    1
   d - Apportation                    Translocation                1
 A - a book of Minor Magic
   (You found it on level 7 of the Dungeon)

   Spells                             Type                      Level
   a - Magic Dart                     Conjuration                  1
   b - Blink                          Translocation                2
   c - Call Imp                       Summoning                    2
   d - Slow                           Hexes                        2
   e - Conjure Flame                  Conjuration/Fire             3
   f - Mephitic Cloud                 Conjuration/Poison/Air       3
 G - a book of Air
   (You found it on level 8 of the Dungeon)

   Spells                             Type                      Level
   a - Shock                          Conjuration/Air              1
   b - Swiftness                      Charms/Air                   2
   c - Static Discharge               Conjuration/Air              3
   d - Airstrike                      Air                          4
   e - Lightning Bolt                 Conjuration/Air              5
Comestibles
 c - 11 rations


   Skills:
 + Level 6.7 Fighting
 + Level 6.1 Short Blades
 + Level 6.1 Long Blades
 + Level 6.1 Axes
 + Level 6.1 Maces & Flails
 + Level 6.1 Polearms
 + Level 6.1 Staves
 + Level 6.1 Slings
 + Level 6.1 Bows
 + Level 6.1 Crossbows
 + Level 6.1 Throwing
 + Level 6.1 Armour
 + Level 7.7 Dodging
 + Level 6.1 Stealth
 + Level 6.1 Shields
 + Level 9.0 Unarmed Combat
 + Level 8.0 Spellcasting
 + Level 5.0 Conjurations
 + Level 5.0 Hexes
 + Level 5.0 Charms
 + Level 5.0 Summonings
 + Level 5.0 Necromancy
 + Level 5.0 Translocations
 + Level 6.4 Transmutations
 + Level 5.0 Fire Magic
 + Level 5.0 Ice Magic
 + Level 5.0 Air Magic
 + Level 5.0 Earth Magic
 + Level 5.0 Poison Magic
 + Level 6.7 Invocations
 + Level 6.1 Evocations


You had 7 spell levels left.
You knew the following spells:

 Your Spells              Type           Power        Failure   Level  Hunger
b - Blink                 Tloc           N/A          16%         2    None
e - Beastly Appendage     Tmut           #####.       11%         1    None
h - Blade Hands           Tmut           #####.....   47%         5    ####...
k - Sticks to Snakes      Tmut           #####...     13%         2    None
m - Mephitic Cloud        Conj/Pois/Air  #####...     21%         3    None
n - Animate Skeleton      Necr           N/A          13%         1    None
p - Spider Form           Tmut/Pois      #####.....   19%         3    None
t - Confusing Touch       Hex            #####.       13%         1    None
A - Apportation           Tloc           #####.       13%         1    None


Dungeon Overview and Level Annotations

Branches:
Dungeon (12/15)            Temple (1/1) D:4            Lair (0/6) D:11
    Orc: D:9-12

Altars:
Ashenzari
Cheibriados
Dithmenos
Fedhas
Gozag
Kikubaaqudgha
Nemelex Xobeh
Qazlal
Sif Muna
Trog
Uskayaw
Wu Jian
Xom
Yredelemnul
Zin
The Shining One

Annotations:
D:9 jazmu's ghost, novice GrMo
D:11 exclusion: tengu warrior


Innate Abilities, Weirdness & Mutations

Your experience applies equally to all skills.
You have very sharp teeth.
Your uncanny sense of smell can sniff out nearby items.


Message History

You hear a bellow!
You hear a shout!
You hear a howl!
You hear a shout! x3
Okay, then.
Your transformation is almost over.
Your hands revert to their normal proportions.
Your +0 dagger unmelds from your body.
Your +0 buckler unmelds from your body. 2 centaurs come into view.
The centaur moves out of view.
A centaur comes into view.
The centaur moves out of view.
A howler monkey comes into view.
The centaur shouts!
You hear a shout!
The centaur wields a shortbow.
The centaur shoots an arrow.
The arrow hits you!
You hear a bellow!
Found a stone staircase leading up.
A goblin comes into view. It is wielding a hand axe.
You see here an arrow.
The centaur wields a shortbow.
The centaur shoots an arrow.
The arrow hits you but does no damage.
The centaur shoots an arrow.
You block the arrow.
The centaur shoots an arrow.
The arrow completely misses you.
The centaur shoots an arrow.
The arrow misses you.
The centaur shoots an arrow.
The arrow completely misses you.
There is a stone staircase leading up here.
You see here 3 arrows.
The centaur shoots an arrow.
The arrow hits you.
You climb upwards.
Level annotation: exclusion: tengu warrior The tengu warrior shouts! x2
The tengu warrior misses you. The tengu warrior pecks you.
The tengu warrior completely misses you.
Found a chain mail.
Found a stone staircase leading down.
There is a stone staircase leading down here.
Unknown command.
Casting: Blade Hands
Confirm with . or Enter, or press ? or * to list all spells.
You create 3 snakes!
You now have 53 arrows.
The tengu warrior hits you with a great sword of slicing!!
The tengu warrior completely misses you.
You block the tengu warrior's attack.
Casting: Sticks to Snakes
Confirm with . or Enter, or press ? or * to list all spells.
Your hands turn into razor-sharp scythe blades.
Your +0 dagger melds into your body.
Your +0 buckler melds into your body.
Your adder misses the tengu warrior.
The tengu warrior hits you with a great sword of slicing!
The tengu warrior pecks you!
* * * LOW HITPOINT WARNING * * *
The tengu warrior barely misses you. The tengu warrior closely misses you.
The tengu warrior pecks you but does no damage.
The tengu warrior claws you.
* * * LOW HITPOINT WARNING * * *
It was a potion of heal wounds.
You feel much better.
Your adder barely misses the tengu warrior.
Your adder misses the tengu warrior. The flow of time bends around you.
Cheibriados rebukes the tengu warrior.
The tengu warrior seems to slow down.
Cheibriados rebukes the tengu warrior.
The tengu warrior seems to slow down.
Cheibriados rebukes your adder.
Your adder seems to slow down.
Cheibriados rebukes your water moccasin.
Your water moccasin seems to slow down.
You feel slightly more hungry.
Your adder bites the tengu warrior but does no damage.
Your adder barely misses the tengu warrior.
The tengu warrior hits you with a great sword of slicing!
The tengu warrior barely misses you. The tengu warrior misses you.
The tengu warrior hits you with a dire flail!
* * * LOW HITPOINT WARNING * * *
The tengu warrior pecks you but does no damage.
The tengu warrior claws you.
* * * LOW HITPOINT WARNING * * *
You slice the tengu warrior!!
The tengu warrior is heavily wounded.
Your adder misses the tengu warrior.
Your adder bites the tengu warrior but does no damage.
Your adder barely misses the tengu warrior.
You miss the tengu warrior. You bite the tengu warrior.
The tengu warrior is heavily wounded.
The tengu warrior hits you with a great sword of slicing.
* * * LOW HITPOINT WARNING * * *
x2 The tengu warrior pecks you.
* * * LOW HITPOINT WARNING * * *
The tengu warrior closely misses you.
The tengu warrior hits you with a dire flail!
* * * LOW HITPOINT WARNING * * *
The tengu warrior closely misses you. The tengu warrior claws you.
* * * LOW HITPOINT WARNING * * *
Your adder closely misses the tengu warrior. x2
Okay, then.
You feel much better.
Your adder closely misses the tengu warrior.
Your adder bites the tengu warrior but does no damage.
You slash the tengu warrior!
The tengu warrior is severely wounded.
The tengu warrior hits you with a great sword of slicing!!
* * * LOW HITPOINT WARNING * * *
You die...

###..............
#..####........
..##'#..#####+#######
#.............[.....#
#...................#
#...................#
#....)..............#
#...................##
#..............Q@....#
.............>.QSS...+
###.###########S######
..# #. ∆ ..# ## ..#


You could see 2 tengu warriors, a friendly water moccasin and 2 friendly adders.

Vanquished Creatures
  3 two-headed ogres
  The ghost of Baghtru the Blocker, a novice GnFi of the Shining One (D:8)
  Nergalle (D:10)
  Pikel (D:9)
  Maurice (D:12)
  A gargoyle (D:10)
  Grinder (D:3)
  A hippogriff (D:7)
  Sigmund (D:3)
  12 yaks
  An orc warrior (D:11)
  4 slaves
  2 ice beasts (D:9)
  A black bear (D:9)
  An ogre (D:9)
  A centaur (D:5)
  A big kobold (D:8)
  Blork the orc (D:4)
  6 bullfrogs
  3 killer bees (D:8)
  A wight (D:9)
  5 howler monkeys
  3 crimson imps
  2 bullfrog zombies (D:7)
  5 orc wizards
  4 orc priests
  2 bullfrog skeletons
  2 hounds
  2 iguanas (D:5)
  A worker ant (D:5)
  7 adders
  A shadow imp (D:7)
  An ooze (D:3)
  An adder skeleton (D:8)
  An adder zombie (D:5)
  A worm (D:3)
  A dart slug (D:3)
  A leopard gecko (D:3)
  17 orcs
  3 goblins
  A hobgoblin (D:2)
  3 jackals
  5 kobolds
  5 quokkas
  3 bats
  A frilled lizard (D:3)
  A quokka skeleton (D:8)
  A quokka zombie (D:8)
  3 rats
128 creatures vanquished.

Vanquished Creatures (collateral kills)
  A centaur skeleton (D:11)
  The ghost of Gobbopathe the Chiller, an amateur BaIE (D:5)
  An orc warrior (D:8)
  A phantom (D:5)
  An iguana (D:5)
  A hound zombie (D:11)
  A howler monkey skeleton (D:8)
  An adder (D:2)
  An orc (D:8)
9 creatures vanquished.

Grand Total: 137 creatures vanquished

Notes
Turn   | Place    | Note
-------+----------+-------------------------------------------
     0 | D:1      | tidbits the Gnoll Transmuter began the quest for the Orb.
     0 | D:1      | Reached XP level 1. HP: 17/17 MP: 6/6
   195 | D:1      | Reached XP level 2. HP: 21/23 MP: 5/7
   199 | D:1      | Learned a level 2 spell: Sticks to Snakes
   333 | D:3      | Reached XP level 3. HP: 20/28 MP: 5/9
   338 | D:3      | Learned a level 3 spell: Spider Form
   367 | D:4      | Reached skill level 1 in Short Blades
   367 | D:4      | Reached skill level 1 in Long Blades
   367 | D:4      | Reached skill level 1 in Axes
   367 | D:4      | Reached skill level 1 in Maces & Flails
   367 | D:4      | Reached skill level 1 in Polearms
   367 | D:4      | Reached skill level 1 in Staves
   367 | D:4      | Reached skill level 1 in Slings
   367 | D:4      | Reached skill level 1 in Bows
   367 | D:4      | Reached skill level 1 in Crossbows
   367 | D:4      | Reached skill level 1 in Throwing
   367 | D:4      | Reached skill level 1 in Armour
   367 | D:4      | Reached skill level 1 in Stealth
   367 | D:4      | Reached skill level 1 in Shields
   367 | D:4      | Reached skill level 5 in Spellcasting
   367 | D:4      | Reached skill level 1 in Invocations
   367 | D:4      | Reached skill level 1 in Evocations
   367 | D:4      | Reached XP level 4. HP: 23/34 MP: 6/11
   453 | D:3      | Noticed Grinder
   458 | D:3      | Paralysed by Grinder for 4 turns
   466 | D:3      | Killed Grinder
   466 | D:3      | Reached skill level 3 in Fighting
   466 | D:3      | Reached skill level 1 in Conjurations
   466 | D:3      | Reached skill level 1 in Hexes
   466 | D:3      | Reached skill level 1 in Charms
   466 | D:3      | Reached skill level 1 in Summonings
   466 | D:3      | Reached skill level 1 in Necromancy
   466 | D:3      | Reached skill level 1 in Translocations
   466 | D:3      | Reached skill level 4 in Transmutations
   466 | D:3      | Reached skill level 1 in Fire Magic
   466 | D:3      | Reached skill level 1 in Ice Magic
   466 | D:3      | Reached skill level 1 in Air Magic
   466 | D:3      | Reached skill level 1 in Earth Magic
   466 | D:3      | Reached skill level 1 in Poison Magic
   466 | D:3      | Reached skill level 2 in Invocations
   466 | D:3      | Reached XP level 5. HP: 18/41 MP: 2/12
   466 | D:3      | Reached XP level 6. HP: 21/47 MP: 2/13
   492 | D:3      | Noticed Sigmund
   521 | D:3      | Killed Sigmund
   521 | D:3      | Reached skill level 2 in Short Blades
   521 | D:3      | Reached skill level 2 in Long Blades
   521 | D:3      | Reached skill level 2 in Axes
   521 | D:3      | Reached skill level 2 in Maces & Flails
   521 | D:3      | Reached skill level 2 in Polearms
   521 | D:3      | Reached skill level 2 in Staves
   521 | D:3      | Reached skill level 2 in Slings
   521 | D:3      | Reached skill level 2 in Bows
   521 | D:3      | Reached skill level 2 in Crossbows
   521 | D:3      | Reached skill level 2 in Throwing
   521 | D:3      | Reached skill level 2 in Armour
   521 | D:3      | Reached skill level 5 in Dodging
   521 | D:3      | Reached skill level 2 in Stealth
   521 | D:3      | Reached skill level 2 in Shields
   521 | D:3      | Reached skill level 2 in Evocations
   618 | D:4      | Noticed Blork the orc
   623 | D:4      | Killed Blork the orc
   623 | D:4      | Reached XP level 7. HP: 37/52 MP: 13/15
   658 | D:4      | Found a staircase to the Ecumenical Temple.
   665 | Temple   | Entered the Ecumenical Temple
   714 | Temple   | Became a worshipper of Cheibriados the Contemplative
   827 | D:5      | Entered Level 5 of the Dungeon
   887 | D:5      | Reached skill level 7 in Unarmed Combat
   895 | D:5      | HP: 2/52 [orc priest/flail (12)]
   896 | D:5      | Reached skill level 2 in Conjurations
   896 | D:5      | Reached skill level 2 in Hexes
   896 | D:5      | Reached skill level 2 in Charms
   896 | D:5      | Reached skill level 2 in Summonings
   896 | D:5      | Reached skill level 2 in Necromancy
   896 | D:5      | Reached skill level 2 in Translocations
   896 | D:5      | Reached skill level 2 in Fire Magic
   896 | D:5      | Reached skill level 2 in Ice Magic
   896 | D:5      | Reached skill level 2 in Air Magic
   896 | D:5      | Reached skill level 2 in Earth Magic
   896 | D:5      | Reached skill level 2 in Poison Magic
   953 | D:5      | Noticed Gobbopathe's ghost (amateur BaIE)
   979 | D:5      | Killed Gobbopathe's ghost
   979 | D:5      | Reached skill level 3 in Invocations
   979 | D:5      | Reached XP level 8. HP: 21/60 MP: 9/16
  1010 | D:6      | HP: 6/60 [orc wizard/magic dart (5)]
  1014 | D:6      | Reached * piety under Cheibriados
  1069 | D:5      | Reached skill level 4 in Fighting
  1069 | D:5      | Reached skill level 3 in Short Blades
  1069 | D:5      | Reached skill level 3 in Long Blades
  1069 | D:5      | Reached skill level 3 in Axes
  1069 | D:5      | Reached skill level 3 in Maces & Flails
  1069 | D:5      | Reached skill level 3 in Polearms
  1069 | D:5      | Reached skill level 3 in Staves
  1069 | D:5      | Reached skill level 3 in Slings
  1069 | D:5      | Reached skill level 3 in Bows
  1069 | D:5      | Reached skill level 3 in Crossbows
  1069 | D:5      | Reached skill level 3 in Throwing
  1069 | D:5      | Reached skill level 3 in Armour
  1069 | D:5      | Reached skill level 3 in Stealth
  1069 | D:5      | Reached skill level 3 in Shields
  1069 | D:5      | Reached skill level 3 in Evocations
  1236 | D:7      | Learned a level 1 spell: Apportation
  1238 | D:7      | Learned a level 1 spell: Animate Skeleton
  1244 | D:7      | Learned a level 1 spell: Confusing Touch
  1261 | D:9      | Noticed jazmu's ghost (novice GrMo)
  1300 | D:7      | Learned a level 2 spell: Blink
  1327 | D:7      | Noticed a hippogriff
  1338 | D:7      | Killed a hippogriff
  1338 | D:7      | Reached skill level 6 in Spellcasting
  1503 | D:8      | Noticed Baghtru's ghost (novice GnFi)
  1513 | D:9      | Noticed Pikel
  1539 | D:8      | Killed Baghtru's ghost
  1539 | D:8      | Reached ** piety under Cheibriados
  1539 | D:8      | Reached skill level 4 in Short Blades
  1539 | D:8      | Reached skill level 4 in Long Blades
  1539 | D:8      | Reached skill level 4 in Axes
  1539 | D:8      | Reached skill level 4 in Maces & Flails
  1539 | D:8      | Reached skill level 4 in Polearms
  1539 | D:8      | Reached skill level 4 in Staves
  1539 | D:8      | Reached skill level 4 in Slings
  1539 | D:8      | Reached skill level 4 in Bows
  1539 | D:8      | Reached skill level 4 in Crossbows
  1539 | D:8      | Reached skill level 4 in Throwing
  1539 | D:8      | Reached skill level 4 in Armour
  1539 | D:8      | Reached skill level 6 in Dodging
  1539 | D:8      | Reached skill level 4 in Stealth
  1539 | D:8      | Reached skill level 4 in Shields
  1539 | D:8      | Reached skill level 3 in Conjurations
  1539 | D:8      | Reached skill level 3 in Hexes
  1539 | D:8      | Reached skill level 3 in Charms
  1539 | D:8      | Reached skill level 3 in Summonings
  1539 | D:8      | Reached skill level 3 in Necromancy
  1539 | D:8      | Reached skill level 3 in Translocations
  1539 | D:8      | Reached skill level 5 in Transmutations
  1539 | D:8      | Reached skill level 3 in Fire Magic
  1539 | D:8      | Reached skill level 3 in Ice Magic
  1539 | D:8      | Reached skill level 3 in Air Magic
  1539 | D:8      | Reached skill level 3 in Earth Magic
  1539 | D:8      | Reached skill level 3 in Poison Magic
  1539 | D:8      | Reached skill level 4 in Invocations
  1539 | D:8      | Reached skill level 4 in Evocations
  1539 | D:8      | Reached XP level 9. HP: 43/67 MP: 18/18
  1612 | D:8      | Found a bloodstained altar of Trog.
  1620 | D:8      | Found a glowing silver altar of Zin.
  1620 | D:8      | Found a shimmering altar of Xom.
  1627 | D:8      | Found a shadowy altar of Dithmenos.
  1730 | D:8      | Reached skill level 5 in Fighting
  1750 | D:8      | Noticed a two-headed ogre
  1760 | D:8      | Killed a two-headed ogre
  1760 | D:8      | Reached skill level 8 in Unarmed Combat
  1760 | D:8      | Reached skill level 5 in Invocations
  1799 | D:8      | Learned a level 3 spell: Mephitic Cloud
  1891 | D:8      | Learned a level 5 spell: Blade Hands
  1900 | D:8      | Reached XP level 10. HP: 69/74 MP: 12/20
  1905 | D:8      | Reached skill level 7 in Spellcasting
  1947 | D:9      | Killed Pikel
  1947 | D:9      | Reached skill level 4 in Conjurations
  1947 | D:9      | Reached skill level 4 in Hexes
  1947 | D:9      | Reached skill level 4 in Charms
  1947 | D:9      | Reached skill level 4 in Summonings
  1947 | D:9      | Reached skill level 4 in Necromancy
  1947 | D:9      | Reached skill level 4 in Translocations
  1947 | D:9      | Reached skill level 4 in Fire Magic
  1947 | D:9      | Reached skill level 4 in Ice Magic
  1947 | D:9      | Reached skill level 4 in Air Magic
  1947 | D:9      | Reached skill level 4 in Earth Magic
  1947 | D:9      | Reached skill level 4 in Poison Magic
  2049 | D:9      | Reached skill level 5 in Short Blades
  2049 | D:9      | Reached skill level 5 in Long Blades
  2049 | D:9      | Reached skill level 5 in Axes
  2049 | D:9      | Reached skill level 5 in Maces & Flails
  2049 | D:9      | Reached skill level 5 in Polearms
  2049 | D:9      | Reached skill level 5 in Staves
  2049 | D:9      | Reached skill level 5 in Slings
  2049 | D:9      | Reached skill level 5 in Bows
  2049 | D:9      | Reached skill level 5 in Crossbows
  2049 | D:9      | Reached skill level 5 in Throwing
  2049 | D:9      | Reached skill level 5 in Armour
  2049 | D:9      | Reached skill level 5 in Stealth
  2049 | D:9      | Reached skill level 5 in Shields
  2049 | D:9      | Reached skill level 5 in Evocations
  2069 | D:10     | Entered Level 10 of the Dungeon
  2090 | D:10     | Reached *** piety under Cheibriados
  2093 | D:10     | Noticed a gargoyle
  2104 | D:10     | Killed a gargoyle
  2192 | D:9      | Noticed a two-headed ogre
  2198 | D:9      | Killed a two-headed ogre
  2198 | D:9      | Reached skill level 7 in Dodging
  2296 | D:9      | Reached skill level 6 in Fighting
  2306 | D:9      | Reached skill level 6 in Transmutations
  2306 | D:9      | Reached skill level 6 in Invocations
  2402 | D:9      | Reached XP level 11. HP: 46/82 MP: 17/22
  2441 | D:10     | Noticed Nergalle
  2449 | D:10     | Killed Nergalle
  2479 | D:11     | Noticed a tengu warrior
  2502 | D:11     | Reached **** piety under Cheibriados
  2535 | D:11     | Noticed a two-headed ogre
  2548 | D:11     | Reached skill level 6 in Short Blades
  2548 | D:11     | Reached skill level 6 in Long Blades
  2548 | D:11     | Reached skill level 6 in Axes
  2548 | D:11     | Reached skill level 6 in Maces & Flails
  2548 | D:11     | Reached skill level 6 in Polearms
  2548 | D:11     | Reached skill level 6 in Staves
  2548 | D:11     | Reached skill level 6 in Slings
  2548 | D:11     | Reached skill level 6 in Bows
  2548 | D:11     | Reached skill level 6 in Crossbows
  2548 | D:11     | Reached skill level 6 in Throwing
  2548 | D:11     | Reached skill level 6 in Armour
  2548 | D:11     | Reached skill level 6 in Stealth
  2548 | D:11     | Reached skill level 6 in Shields
  2548 | D:11     | Reached skill level 9 in Unarmed Combat
  2548 | D:11     | Reached skill level 6 in Evocations
  2554 | D:11     | Killed a two-headed ogre
  2554 | D:11     | Reached skill level 5 in Conjurations
  2554 | D:11     | Reached skill level 5 in Hexes
  2554 | D:11     | Reached skill level 5 in Charms
  2554 | D:11     | Reached skill level 5 in Summonings
  2554 | D:11     | Reached skill level 5 in Necromancy
  2554 | D:11     | Reached skill level 5 in Translocations
  2554 | D:11     | Reached skill level 5 in Fire Magic
  2554 | D:11     | Reached skill level 5 in Ice Magic
  2554 | D:11     | Reached skill level 5 in Air Magic
  2554 | D:11     | Reached skill level 5 in Earth Magic
  2554 | D:11     | Reached skill level 5 in Poison Magic
  2595 | D:11     | Found a staircase to the Lair.
  2651 | D:12     | Noticed Maurice
  2655 | D:12     | Killed Maurice
  2655 | D:12     | Reached skill level 8 in Spellcasting
  2678 | D:11     | Noticed a tengu warrior
  2686 | D:11     | HP: 5/83 [tengu warrior/great sword of slicing[a tengu warrior] (24)]
  2686 | D:11     | Slain by a tengu warrior

Skill      XL: |  1  2  3  4  5  6  7  8  9 10 11 |
---------------+----------------------------------+-----
Short Blades   | 1 2 4 5 6 |  6.1
Long Blades    | 1 2 4 5 6 |  6.1
Axes           | 1 2 4 5 6 |  6.1
Maces & Flails | 1 2 4 5 6 |  6.1
Polearms       | 1 2 4 5 6 |  6.1
Staves         | 1 2 4 5 6 |  6.1
Slings         | 1 2 4 5 6 |  6.1
Bows           | 1 2 4 5 6 |  6.1
Crossbows      | 1 2 4 5 6 |  6.1
Throwing       | 1 2 4 5 6 |  6.1
Armour         | 1 2 4 5 6 |  6.1
Stealth        | 1 2 4 5 6 |  6.1
Shields        | 1 2 4 5 6 |  6.1
Spellcasting   | 5 6 7 8 |  8.0
Invocations    | 1 2 3 4 5 6 |  6.7
Evocations     | 1 2 4 5 6 |  6.1
Fighting       | 3 4 5 6 |  6.7
Conjurations   | 1 2 3 4 5 |  5.0
Hexes          | 1 2 3 4 5 |  5.0
Charms         | 1 2 3 4 5 |  5.0
Summonings     | 1 2 3 4 5 |  5.0
Necromancy     | 1 2 3 4 5 |  5.0
Translocations | 1 2 3 4 5 |  5.0
Transmutations | 4 5 6 |  6.4
Fire Magic     | 1 2 3 4 5 |  5.0
Ice Magic      | 1 2 3 4 5 |  5.0
Air Magic      | 1 2 3 4 5 |  5.0
Earth Magic    | 1 2 3 4 5 |  5.0
Poison Magic   | 1 2 3 4 5 |  5.0
Dodging        | 5 6 7 |  7.7
Unarmed Combat | 7 8 9 |  9.0

Action                   |  1- 3 |  4- 6 |  7- 9 | 10-12 || total
-------------------------+-------+-------+-------+-------++-------
Melee: Unarmed           |    38 |    26 |   184 |   121 ||   369
       Punch             |     2 |       |       |     5 ||     7
       Bite              |     1 |       |       |    19 ||    20
       Headbutt          |     2 |       |       |       ||     2
       Dagger            |       |       |     3 |     4 ||     7
Throw: Tomahawk          |       |       |    13 |     8 ||    21
 Cast: Beastly Appendage |     7 |     1 |       |       ||     8
       Sticks to Snakes  |     2 |     2 |    13 |     6 ||    23
       Spider Form       |     1 |     5 |    21 |     4 ||    31
       Blink             |       |       |     1 |       ||     1
       Blade Hands       |       |       |       |     9 ||     9
Invok: Bend Time         |       |       |       |     1 ||     1
 Abil: End Transformatio |       |     2 |     3 |     1 ||     6
Evoke: Wand              |       |     1 |     5 |     1 ||     7
  Use: Potion            |       |     4 |     2 |     3 ||     9
       Scroll            |       |     2 |     5 |     5 ||    12
 Stab: Sleeping          |       |     1 |     6 |     5 ||    12
       Invisible         |       |     2 |       |       ||     2
       Distracted        |       |       |       |     1 ||     1
  Eat: Chunk             |       |       |     3 |     3 ||     6
Armor: Robe              |     5 |       |     3 |     5 ||    13
       Skin              |       |     2 |    18 |     2 ||    22
       Troll leather arm |       |       |       |     3 ||     3
Dodge: Dodged            |    25 |    20 |   175 |    91 ||   311
Block: Buckler           |       |       |     6 |     3 ||     9

Table legend:
 A = Turns spent in this place as a percentage of turns spent in the entire game.
 B = Non-inter-level travel turns spent in this place as a percentage of non-inter-level travel turns spent in the entire game.
 C = Inter-level travel turns spent in this place as a percentage of turns spent in this place.
 D = Turns resting spent in this place as a percentage of non-inter-level travel turns spent in this place.
 E = Turns spent auto-exploring this place as a percentage of non-inter-level travel turns spent in this place.
 F = Non-inter-level travel turns spent in this place divided by the number of levels of this place that you've seen.
                   A       B       C       D       E      F
               +-------+-------+-------+-------+-------+----------------------
         Total | 100.0 | 100.0 |   1.7 |   0.0 |   0.0 | 203.2
       Dungeon |  97.3 |  98.1 |   0.9 |   0.0 |   0.0 | 215.8
        Temple |   2.7 |   1.9 |  29.2 |   0.0 |   0.0 |  51.0
               +-------+-------+-------+-------+-------+----------------------

Table legend:
 A = Kills in this place as a percentage of kills in entire the game.
 B = Kills by you in this place as a percentage of kills by you in the entire game.
 C = Kills by friends in this place as a percentage of kills by friends in the entire game.
 D = Other kills in this place as a percentage of other kills in the entire game.
 E = Experience gained in this place as a percentage of experience gained in the entire game.
 F = Experience gained in this place divided by the number of levels of this place that you have seen.
                   A       B       C       D       E      F
               +-------+-------+-------+-------+-------+----------------------
         Total | 100.0 | 100.0 | 100.0 |   N/A | 100.0 | 966.3
       Dungeon | 100.0 | 100.0 | 100.0 |   N/A | 100.0 | 1046.8
               +-------+-------+-------+-------+-------+----------------------

Vault maps used:
D:1:      dpeg_arrival_brainrot, serial_forest, infiniplex_forest_clump_long,
          infiniplex_forest_side_room, infiniplex_forest_lined_room_2,
          infiniplex_forest_split, infiniplex_forest_corner_1,
          infiniplex_forest_straight_2, infiniplex_forest_clump_cross,
          minivault_25
D:3:      uniq_robin, uniq_grinder, uniq_sigmund
D:4:      nicolae_overflow_crystal_walls, minmay_temple_entry_statues,
          first_ration, serial_shops, shop, uniq_blork_the_orc
D:6:      kennysheep_mini_moat, minmay_misc_feat_x,
          minmay_a_box_with_orc_wizards_in_it, uniq_duvessa
D:7:      uniq_crazy_yiuf_cottage
D:8:      grunt_temple_overflow_open
D:9:      basic_altar, uniq_pikel
D:10:     orc_0_dummy, uniq_nergalle
D:11:     lair_entry_dummy, serial_shops, shop
D:12:     enter_bailey_3, grunt_pizzeria, nrook_guardian_serpent_double,
          uniq_maurice
Temple:   regret_index_temple_sphere_string
